 Dungeon Crawl Stone Soup version 0.29.0-15-g675c0067aa (webtiles) character file.

Game seed: 3660897569933419746

9200 qw the Severer (level 11, -9/100 HPs)
             Began as a Minotaur Berserker on Sept 12, 2022.
             Was an Elder of Trog.
             Mangled by a seven-headed hydra (13 damage)
             ... on level 2 of the Lair of Beasts.
             The game lasted 00:02:56 (11073 turns).

qw the Severer (Minotaur Berserker)                Turns: 11073, Time: 00:02:57

Health: -9/100     AC: 20    Str: 25    XL:     11   Next: 19%
Magic:  10/10      EV:  8    Int:  4    God:    Trog [****..]
Gold:   573        SH:  0    Dex: 11    Spells: 10/10 levels left

rFire   . . .      SeeInvis .   m - +0 flail
rCold   . . .      Faith    .   (no shield)
rNeg    . . .      Spirit   .   j - +0 plate armour
rPois   .          Reflect  .   (helmet restricted)
rElec   .          Harm     .   i - +0 cloak
rCorr   .          Rampage  .   (no gloves)
Will    +....                   h - +0 pair of boots
Stlth   ..........              n - amulet of the acrobat
HPRegen 0.26/turn               c - ring of willpower
MPRegen 0.12/turn               g - +4 ring of protection

@: lethally poisoned (-9 -> -17), about to teleport, on berserk cooldown,
slowed, very slow
A: horns 2, retaliatory headbutt
a: Renounce Religion, Berserk, Trog's Hand, Brothers in Arms


You were on level 2 of the Lair of Beasts.
You worshipped Trog.
Trog was greatly pleased with you.
You visited 2 branches of the dungeon, and saw 10 of its levels.

You collected 618 gold pieces.
You spent 45 gold pieces at shops.


Innate Abilities, Weirdness & Mutations

You have a pair of horns on your head.
You reflexively headbutt those who attack you in melee.


   Skills:
 + Level 10.2 Fighting
 - Level 16.0 Axes
 - Level 1.7 Throwing
 - Level 9.0 Armour
 - Level 4.1 Dodging


You had 10 spell levels left.
You didn't know any spells.
Your spell library was empty.

Inventory:

Hand Weapons
 m - a +0 flail (weapon)
 Y - a +2 war axe
Armour
 h - a +0 pair of boots (worn)
 i - a +0 cloak (worn)
 j - a +0 plate armour (worn)
Jewellery
 c - a ring of willpower (left hand)
 g - a +4 ring of protection (right hand)
 n - an amulet of the acrobat (around neck)
Scrolls
 b - a scroll of identify
 e - a scroll of teleportation
Potions
 a - 2 potions of heal wounds
 d - a potion of might
 f - a potion of mutation
 k - a potion of curing
 o - a potion of lignification {unknown}

Dungeon Overview and Level Annotations

Branches:
Dungeon (8/15)             Temple (0/1) D:7            Lair (2/5) D:8
  Swamp: Lair:2-3    Shoals: Lair:2-3     Snake: Lair:2-3    Spider: Lair:2-3

Altars:
Ashenzari
Cheibriados
Dithmenos
Kikubaaqudgha
Nemelex Xobeh
Qazlal
Sif Muna
Vehumet
Xom

Shops:
D:2 (


Message History

You are poisoned.
The cane toad poisons you!
Your Dodging skill increases to level 4!
11071 ||| INVOKING Brothers in Arms.
Your polar bear goes berserk!
You feel extremely sick.
The seven-headed hydra bites you but does no damage. x5
The seven-headed hydra bites you! The seven-headed hydra bites you.
The cane toad closely misses you. You furiously retaliate!
You headbutt the cane toad, but do no damage.
The yak gores you. The yak gores you but does no damage.
The seven-headed hydra bites you but does no damage. x2
The seven-headed hydra barely misses you.
The seven-headed hydra bites you but does no damage.
The seven-headed hydra bites you!
The seven-headed hydra closely misses you.
The seven-headed hydra bites you but does no damage.
11072 ||| SWAPPING to +0 flail.
m - a +0 flail (weapon)
You feel sick. The cane toad barely misses you.
The yak gores you but does no damage. The yak barely misses you.
You furiously retaliate!
You headbutt the yak!
You kill the yak!
Trog accepts your kill.
The seven-headed hydra bites you but does no damage. x2
The seven-headed hydra bites you!
The seven-headed hydra bites you but does no damage.
The seven-headed hydra bites you. x2
The seven-headed hydra bites you but does no damage.
Your polar bear bites the cane toad!!
Your polar bear claws the cane toad. x2
11073 ||| READING 2 scrolls of teleportation.
As you read the scroll of teleportation, it crumbles to dust.
You feel strangely unstable.
You feel very sick.
The cane toad barely misses your polar bear.
Your polar bear barely misses the cane toad. x3
The yak gores you.
The cane toad completely misses your polar bear.
The seven-headed hydra bites you. x2; The seven-headed hydra bites you!
You die...

...............
...............
#..............
#.............
#..........#
#..h......# #P.FDY..#
#@%.# ## #.
##..###.###P.
##.%###.......
###.............
#...............
##...............
##................
###.................
##%%.................


You could see a seven-headed hydra, a yak, a cane toad (distracted, ally target)
and a friendly polar bear (summoned, berserk).

Vanquished Creatures
  A hydra (Lair:2)
  Joseph (D:8)
  A cane toad (Lair:1)
  A black mamba (Lair:1)
  A rime drake (Lair:1)
  Psyche (D:8)
  A queen bee (Lair:1)
  4 blink frogs (Lair:2)
  Sigmund (D:2)
  A wyvern (D:8)
  7 yaks (Lair:2)
  A steam dragon (D:8)
  5 water moccasins
  Duvessa (D:6)
  An ice beast (D:6)
  A black bear (D:4)
  A sky beast (D:7)
  9 wolves (Lair:2)
  2 ogres (D:6)
  2 centaurs (D:6)
  6 phantoms
  4 bullfrogs
  2 necrophages
  4 wights (D:8)
  Dowan (D:6)
  24 killer bees (Lair:1)
  3 hounds
  3 orc priests
  2 jellies
  3 iguanas
  3 orc wizards
  9 adders
  2 white imps
  2 ufetubi (D:4)
  2 worms
  5 dart slugs
  26 orcs
  8 ball pythons
  6 bats
  8 endoplasms
  A giant cockroach (D:1)
  8 goblins
  2 hobgoblins
  6 jackals (D:3)
  2 quokkas
  4 frilled lizards
  8 kobolds
  5 rats
  A spectral hobgoblin (D:1)
203 creatures vanquished.

Vanquished Creatures (others)
  A fungus (Lair:2)
  A plant (Lair:2)
  3 withered plants (D:6)
5 creatures vanquished.

Grand Total: 208 creatures vanquished

Notes
Turn   | Place    | Note
-------+----------+-------------------------------------------
     0 | D:1      | qw the Minotaur Berserker began the quest for the Orb.
     0 | D:1      | Reached XP level 1. HP: 19/19 MP: 0/0
     0 | D:1      | 0 ||| qw: Version: 0.1-a-119-g272c26d
     0 | D:1      | 0 ||| qw: Game counter: 11037
     0 | D:1      | 0 ||| qw: Always use a shield: true
     0 | D:1      | 0 ||| qw: Do Orc after D:15 true
     0 | D:1      | 0 ||| qw: Do second Lair branch before Depths: true
     0 | D:1      | 0 ||| qw: Lair rune preference: random
     0 | D:1      | 0 ||| qw: Plans: Normal
     0 | D:1      | 0 ||| PLANNING D:1-11
    57 | D:1      | 57 ||| Stepping ~*~*~tactically~*~*~ (hiding).
    64 | D:1      | Reached skill level 4 in Axes
   251 | D:1      | Reached XP level 2. HP: 26/26 MP: 1/1
   511 | D:1      | Found a faded altar of an unknown god.
   574 | D:1      | 574 ||| Stepping ~*~*~tactically~*~*~ (stealth).
   579 | D:1      | 579 ||| Stepping ~*~*~tactically~*~*~ (stealth).
   609 | D:1      | 609 ||| DROPPING +0 club.
   717 | D:1      | 717 ||| Stepping ~*~*~tactically~*~*~ (stealth).
   718 | D:1      | 718 ||| Stepping ~*~*~tactically~*~*~ (stealth).
   790 | D:1      | Reached skill level 5 in Axes
   801 | D:1      | You fall into a shaft and drop 1 floor!
   826 | D:2      | Reached XP level 3. HP: 28/31 MP: 2/2
   971 | D:2      | 971 ||| Stepping ~*~*~tactically~*~*~ (stealth).
  1006 | D:2      | 1006 ||| UPGRADING to +0 plate armour.
  1016 | D:2      | 1016 ||| DROPPING +0 animal skin.
  1017 | D:2      | 1017 ||| UPGRADING to ring of willpower.
  1018 | D:2      | 1018 ||| UPGRADING to +4 ring of protection.
  1019 | D:2      | 1019 ||| READING 3 scrolls labelled LEVUXOKHLOCK.
  1020 | D:2      | 1020 ||| READING scroll labelled PAMUPH ZE TIYJ.
  1021 | D:2      | 1021 ||| READING scroll labelled FIFEID TIQOSANK.
  1022 | D:2      | 1022 ||| DRINKING 2 purple potions.
  1023 | D:2      | 1023 ||| DROPPING 2 scrolls of vulnerability.
  1024 | D:2      | 1024 ||| DROPPING potion of brilliance.
  1148 | D:1      | 1148 ||| Stepping ~*~*~tactically~*~*~ (stealth).
  1301 | D:2      | Reached ** piety under Trog
  1388 | D:2      | 1388 ||| INVOKING Berserk.
  1515 | D:2      | 1515 ||| Stepping ~*~*~tactically~*~*~ (stealth).
  1519 | D:2      | 1519 ||| Stepping ~*~*~tactically~*~*~ (stealth).
  1520 | D:2      | 1520 ||| Stepping ~*~*~tactically~*~*~ (stealth).
  1529 | D:2      | Reached skill level 6 in Axes
  1529 | D:2      | Reached XP level 4. HP: 39/39 MP: 3/3
  1544 | D:2      | 1544 ||| Stepping ~*~*~tactically~*~*~ (stealth).
  1807 | D:2      | Noticed Sigmund
  1808 | D:2      | 1808 ||| Stepping ~*~*~tactically~*~*~ (stealth).
  1809 | D:2      | 1809 ||| Stepping ~*~*~tactically~*~*~ (stealth).
  1811 | D:2      | 1811 ||| Stepping ~*~*~tactically~*~*~ (hiding).
  1819 | D:2      | 1819 ||| INVOKING Berserk.
  1828 | D:2      | Killed Sigmund
  1829 | D:2      | Reached skill level 7 in Axes
  1829 | D:2      | Reached XP level 5. HP: 45/45 MP: 4/4
  1951 | D:2      | Found Budy's Weapon Boutique.
  1956 | D:2      | 1956 ||| BUYING +0 war axe (45 gold).
  1956 | D:2      | Bought a +0 war axe for 45 gold pieces
  1956 | D:2      | 1956 ||| SHOPLISTING +2 vampiric broad axe (312 gold, have
                  | 99).
  1956 | D:2      | 1956 ||| SHOPLISTING +7 flail of Darkness {vorpal, rF-
                  | Str+7 Int+4} (822 gold, have 99).
  1956 | D:2      | 1956 ||| SWAPPING to +0 war axe.
  1957 | D:2      | 1957 ||| DROPPING +0 hand axe.
  1984 | D:2      | 1984 ||| READING 2 scrolls labelled IDITSA FABUU.
  1989 | D:2      | 1989 ||| READING scroll labelled RYRIES HALAJUNO.
  1990 | D:2      | 1990 ||| DRINKING 2 fuming white potions.
  2136 | D:3      | Found a shadowy altar of Dithmenos.
  2352 | D:3      | Reached skill level 3 in Armour
  2380 | D:3      | 2380 ||| Stepping ~*~*~tactically~*~*~ (stealth).
  2383 | D:3      | 2383 ||| Stepping ~*~*~tactically~*~*~ (stealth).
  2515 | D:3      | 2515 ||| Stepping ~*~*~tactically~*~*~ (stealth).
  2525 | D:3      | 2525 ||| Stepping ~*~*~tactically~*~*~ (stealth).
  2528 | D:3      | Reached XP level 6. HP: 52/52 MP: 5/5
  2755 | D:3      | Found a radiant altar of Vehumet.
  3121 | D:3      | 3121 ||| UPGRADING to +0 pair of boots.
  3154 | D:4      | 3154 ||| INVOKING Berserk.
  3156 | D:4      | Reached skill level 8 in Axes
  3161 | D:4      | 3161 ||| STAIRDANCE
  3401 | D:4      | 3401 ||| Stepping ~*~*~tactically~*~*~ (stealth).
  3406 | D:4      | 3406 ||| INVOKING Berserk.
  3432 | D:4      | 3432 ||| Stepping ~*~*~tactically~*~*~ (stealth).
  3433 | D:4      | 3433 ||| Stepping ~*~*~tactically~*~*~ (stealth).
  3435 | D:4      | 3435 ||| Stepping ~*~*~tactically~*~*~ (stealth).
  3441 | D:4      | 3441 ||| FLEEEEING.
  3442 | D:4      | 3442 ||| FLEEEEING.
  3443 | D:4      | 3443 ||| FLEEEEING.
  3444 | D:4      | 3444 ||| FLEEEEING.
  3445 | D:4      | 3445 ||| FLEEEEING.
  3446 | D:4      | 3446 ||| FLEEEEING.
  3447 | D:4      | 3447 ||| FLEEEEING.
  3448 | D:4      | 3448 ||| FLEEEEING.
  3449 | D:4      | 3449 ||| FLEEEEING.
  3735 | D:4      | Reached skill level 9 in Axes
  3740 | D:4      | 3740 ||| Stepping ~*~*~tactically~*~*~ (hiding).
  3852 | D:4      | Reached XP level 7. HP: 59/59 MP: 6/6
  3853 | D:4      | Found a sparkling altar of Nemelex Xobeh.
  3941 | D:4      | 3941 ||| UPGRADING to amulet of the acrobat.
  3946 | D:4      | 3946 ||| READING scroll labelled METRUERA RUTON.
  3947 | D:4      | 3947 ||| DRINKING 3 fuming pink potions.
  3948 | D:4      | 3948 ||| READING 4 scrolls of identify.
  3948 | D:4      | 3948 ||| IDENTIFYING smoky red potion
  3949 | D:4      | 3949 ||| READING 3 scrolls of identify.
  3949 | D:4      | 3949 ||| IDENTIFYING yellow potion
  3950 | D:4      | 3950 ||| READING 2 scrolls of identify.
  3950 | D:4      | 3950 ||| IDENTIFYING blue potion
  3951 | D:4      | 3951 ||| DROPPING potion of flight.
  3952 | D:4      | 3952 ||| DROPPING potion of degeneration.
  3953 | D:4      | 3953 ||| DROPPING potion of attraction.
  4019 | D:5      | Entered Level 5 of the Dungeon
  4154 | D:5      | 4154 ||| Stepping ~*~*~tactically~*~*~ (stealth).
  4370 | D:5      | 4370 ||| Stepping ~*~*~tactically~*~*~ (hiding).
  4373 | D:5      | 4373 ||| Stepping ~*~*~tactically~*~*~ (hiding).
  4377 | D:5      | 4377 ||| INVOKING Berserk.
  4381 | D:5      | Reached *** piety under Trog
  4988 | D:5      | 4988 ||| READING scroll labelled VIGESE OLAPN.
  4989 | D:5      | 4989 ||| READING 2 scrolls of identify.
  4989 | D:5      | 4989 ||| IDENTIFYING viscous brown potion
  4990 | D:5      | 4990 ||| DROPPING potion of ambrosia.
  5033 | D:6      | Reached skill level 10 in Axes
  5040 | D:6      | 5040 ||| INVOKING Berserk.
  5042 | D:6      | Reached skill level 1 in Throwing
  5046 | D:6      | Reached XP level 8. HP: 70/70 MP: 7/7
  5277 | D:6      | Reached skill level 6 in Fighting
  5278 | D:6      | 5278 ||| INVOKING Berserk.
  5423 | D:6      | Found an ancient bone altar of Kikubaaqudgha.
  5445 | D:6      | Reached skill level 11 in Axes
  5498 | D:6      | Noticed Duvessa
  5498 | D:6      | Noticed Dowan
  5499 | D:6      | 5499 ||| INVOKING Berserk.
  5503 | D:6      | Killed Duvessa
  5504 | D:6      | Killed Dowan
  5814 | D:6      | 5814 ||| INVOKING Berserk.
  6003 | D:6      | Reached skill level 12 in Axes
  6030 | D:6      | Found a broken altar of Ashenzari.
  6030 | D:6      | Found a snail-covered altar of Cheibriados.
  6285 | D:6      | 6285 ||| INVOKING Berserk.
  6478 | D:6      | 6478 ||| READING scroll labelled USHRUE MY FIER.
  6479 | D:6      | 6479 ||| READING 2 scrolls of identify.
  6479 | D:6      | 6479 ||| IDENTIFYING white potion
  6480 | D:6      | 6480 ||| DROPPING potion of berserk rage.
  6579 | D:7      | Reached XP level 9. HP: 63/76 MP: 8/8
  6706 | D:7      | Found a shimmering blue altar of Sif Muna.
  6736 | D:7      | Identified the +5 short sword of the Traitor {elec, rPois
                  | Dex+2}
  6879 | D:7      | Found a staircase to the Ecumenical Temple.
  7091 | D:7      | 7091 ||| Stepping ~*~*~tactically~*~*~ (stealth).
  7098 | D:7      | 7098 ||| Stepping ~*~*~tactically~*~*~ (stealth).
  7099 | D:7      | 7099 ||| Stepping ~*~*~tactically~*~*~ (stealth).
  7103 | D:7      | 7103 ||| Stepping ~*~*~tactically~*~*~ (stealth).
  7166 | D:7      | 7166 ||| UPGRADING to +0 cloak.
  7174 | D:7      | 7174 ||| READING 2 scrolls of identify.
  7174 | D:7      | 7174 ||| IDENTIFYING green potion
  7175 | D:7      | 7175 ||| READING 2 scrolls of teleportation.
  7258 | D:7      | 7258 ||| READING scroll of teleportation.
  7335 | D:7      | Found a shimmering altar of Xom.
  7452 | D:8      | Found a stormy altar of Qazlal.
  7470 | D:8      | 7470 ||| Stepping ~*~*~tactically~*~*~ (stealth).
  7473 | D:8      | 7473 ||| Stepping ~*~*~tactically~*~*~ (stealth).
  7485 | D:8      | 7485 ||| Stepping ~*~*~tactically~*~*~ (stealth).
  7506 | D:8      | 7506 ||| Stepping ~*~*~tactically~*~*~ (stealth).
  7513 | D:8      | 7513 ||| Stepping ~*~*~tactically~*~*~ (stealth).
  7514 | D:8      | 7514 ||| DROPPING +0 mace.
  7545 | D:8      | Reached skill level 6 in Armour
  7677 | D:8      | Noticed Joseph
  7686 | D:8      | Killed Joseph
  7687 | D:8      | Reached skill level 13 in Axes
  7938 | D:8      | 7938 ||| Stepping ~*~*~tactically~*~*~ (stealth).
  8094 | D:8      | 8094 ||| Stepping ~*~*~tactically~*~*~ (hiding).
  8096 | D:8      | 8096 ||| INVOKING Berserk.
  8208 | D:8      | Found a staircase to the Lair.
  8328 | D:8      | Noticed Psyche
  8331 | D:8      | 8331 ||| INVOKING Berserk.
  8334 | D:8      | Killed Psyche
  8470 | D:8      | 8470 ||| PLANNING LAIR
  8470 | D:8      | 8470 ||| READING scroll labelled MENAOCV SIKAIFY.
  8521 | Lair:1   | Entered Level 1 of the Lair of Beasts
  8524 | Lair:1   | Noticed a rime drake
  8533 | Lair:1   | Killed a rime drake
  8693 | Lair:1   | Noticed a black mamba
  8697 | Lair:1   | 8697 ||| INVOKING Berserk.
  8698 | Lair:1   | Killed a black mamba
  8699 | Lair:1   | Reached skill level 14 in Axes
  8699 | Lair:1   | Reached XP level 10. HP: 90/90 MP: 9/9
  9030 | Lair:1   | 9030 ||| Stepping ~*~*~tactically~*~*~ (stealth).
  9041 | Lair:1   | Reached skill level 3 in Dodging
  9051 | Lair:1   | 9051 ||| Stepping ~*~*~tactically~*~*~ (stealth).
  9177 | Lair:1   | 9177 ||| Stepping ~*~*~tactically~*~*~ (stealth).
  9199 | Lair:1   | 9199 ||| INVOKING Berserk.
  9209 | Lair:1   | HP: 22/90 [poisoned by a killer bee]
  9484 | Lair:1   | 9484 ||| INVOKING Berserk.
  9494 | Lair:1   | Reached **** piety under Trog
  9497 | Lair:1   | Reached skill level 15 in Axes
  9507 | Lair:1   | HP: 19/90 [poisoned by a killer bee]
  9512 | Lair:1   | HP: 13/90 [poisoned by a killer bee]
  9848 | Lair:1   | Noticed a cane toad
  9850 | Lair:1   | 9850 ||| INVOKING Berserk.
  9854 | Lair:1   | Killed a cane toad
  9855 | Lair:1   | Reached skill level 9 in Fighting
 10240 | Lair:1   | 10240 ||| READING scroll labelled LEZXET QEIW.
 10241 | Lair:1   | 10241 ||| DRINKING 2 amethyst potions.
 10274 | Lair:2   | Noticed a six-headed hydra
 10278 | Lair:2   | 10278 ||| SWAPPING to +0 flail.
 10280 | Lair:2   | 10280 ||| INVOKING Berserk.
 10286 | Lair:2   | Killed a six-headed hydra
 10323 | Lair:2   | 10323 ||| SWAPPING to +1 war axe.
 10804 | Lair:2   | 10804 ||| READING scroll of enchant weapon.
 10804 | Lair:2   | 10804 ||| ENCHANTING +1 war axe.
 11036 | Lair:2   | Identified the +1 robe of Untold Secrets {Dex+3}
 11046 | Lair:2   | 11046 ||| Stepping ~*~*~tactically~*~*~ (stealth).
 11047 | Lair:2   | 11047 ||| INVOKING Berserk.
 11049 | Lair:2   | Reached skill level 16 in Axes
 11054 | Lair:2   | Noticed a cane toad
 11055 | Lair:2   | Reached XP level 11. HP: 99/99 MP: 10/10
 11056 | Lair:2   | Noticed a six-headed hydra
 11068 | Lair:2   | Reached skill level 9 in Armour
 11071 | Lair:2   | 11071 ||| INVOKING Brothers in Arms.
 11072 | Lair:2   | 11072 ||| SWAPPING to +0 flail.
 11072 | Lair:2   | HP: 20/99 [seven-headed hydra (9)]
 11073 | Lair:2   | 11073 ||| READING 2 scrolls of teleportation.
 11073 | Lair:2   | HP: 6/100 [seven-headed hydra (4)]
 11073 | Lair:2   | Mangled by a seven-headed hydra

Levels and vault maps discovered:
D:1:      sevenhm_arrival_forest_fort_large_3, layout_basic,
          dreamdust_ecumenical_altar_drowned_temple, minmay_heptomino_d4
D:2:      layout_loops_ring, serial_shops, shop, uniq_sigmund
D:3:      layout_basic, grunt_dithmenos_smoke_and_mirrors,
          nicolae_overflow_hidden_temple
D:4:      layout_cave_pools, lemuel_coloured_pillars_altar,
          hangedman_feature_mirror
D:5:      layout_basic, nicolae_hexahallways
D:6:      layout_loops_corners, kiku_gazebo_garden_becter,
          gammafunk_temple_overflow_wave, amcnicky_mini_rare_corridor_liquid,
          uniq_duvessa
D:7:      layout_basic, tgw_xom, overflow_temple_1_default,
          minmay_temple_entry_stoned_glass
D:8:      layout_loops_ring, grunt_qazlal_sundering, lair_entry_dummy,
          uniq_joseph, uniq_psyche
Lair:1:   layout_roguey [special_room_bee], grunt_megastairs_4,
          serial_bayou_shore_b
Lair:2:   layout_cave_pods, bh_autumn_forest_stairs

Skill      XL: |  1  2  3  4  5  6  7  8  9 10 11 |
---------------+----------------------------------+-----
Axes           | 4 5 6 7 9 10 12 14 16 | 16.0
Armour         | 3 4 5 7 8 9 |  9.0
Fighting       | 4 5 6 8 9 10 | 10.2
Throwing       | 1 |  1.7
Dodging        | 3 4 |  4.1

Action                   |  1- 3 |  4- 6 |  7- 9 | 10-12 || total
-------------------------+-------+-------+-------+-------++-------
Melee: Hand axe          |    73 |    16 |       |       ||    89
       Headbutt          |     8 |    16 |    40 |    18 ||    82
       War axe           |       |    81 |   215 |   140 ||   436
       Punch             |       |       |     5 |     1 ||     6
       Flail             |       |       |       |     6 ||     6
Throw: Boomerang         |       |    28 |    14 |       ||    42
Invok: Berserk           |     1 |     3 |     9 |     5 ||    18
       Brothers in Arms  |       |       |       |     1 ||     1
  Use: Scroll            |     3 |     2 |    12 |     3 ||    20
       Potion            |     1 |     1 |     1 |     1 ||     4
Armor: Animal skin       |     1 |       |       |       ||     1
       Plate armour      |    15 |    56 |   112 |   134 ||   317
Dodge: Dodged            |    27 |    25 |    60 |   101 ||   213

Table legend:
 A = Non-vault XP
 B = Vault XP
 C = Vault XP percentage of total XP
 D = Non-vault monster count
 E = Vault monster count
 F = Vault count percentage of total count
                 A         B        C        D         E       F
            +---------+---------+-------+---------+---------+-------
      Total |    9417 |    3727 |  28.4 |     161 |      42 |  20.7
            +---------+---------+-------+---------+---------+-------
        D:1 |      37 |       4 |   9.8 |      19 |       3 |  13.6
        D:2 |      77 |     214 |  73.5 |      17 |       1 |   5.6
        D:3 |      74 |       0 |   0.0 |      26 |       0 |   0.0
        D:4 |     332 |       0 |   0.0 |      13 |       0 |   0.0
        D:5 |     445 |       0 |   0.0 |      19 |       0 |   0.0
        D:6 |    1334 |     216 |  13.9 |      22 |       2 |   8.3
        D:7 |     267 |     148 |  35.7 |       3 |       7 |  70.0
        D:8 |     870 |     840 |  49.1 |      14 |       2 |  12.5
     Lair:1 |     982 |    2305 |  70.1 |       3 |      27 |  90.0
     Lair:2 |    4999 |       0 |   0.0 |      25 |       0 |   0.0
            +---------+---------+-------+---------+---------+-------
